 Dungeon Crawl Stone Soup version 0.22-a0-515-g75794bf (webtiles) character file.

4048 inc the Basher (level 10, -2/63 HPs)
             Began as an Octopode Fighter on June 19, 2018.
             Was an Initiate of Gozag.
             Slain by a scorpion (7 damage)
             ... on level 8 of the Dungeon.
             The game lasted 00:16:58 (9366 turns).

inc the Basher (Octopode Fighter)                   Turns: 9366, Time: 00:16:59

Health: -2/63      AC:  1    Str: 16    XL:     10   Next: 24%
Magic:  13/13      EV: 12    Int: 13    God:    Gozag
Gold:   855        SH: 12    Dex:  9    Spells: 9/9 levels left

rFire    . . .     SeeInvis +   j - +2 whip (distort)
rCold    . . .     Gourm    .   a - +3 shield
rNeg     . . .     Faith    .   (helmet restricted)
rPois    +         Spirit   .   (no amulet)
rElec    .         Reflect  .   e - ring "Yckenliw" {+Inv rPois Dex-3 SInv}
rCorr    .         Harm     .   (no ring)
MR       .....                  (no ring)
Stlth    ++........             (no ring)
HPRegen  0.20/turn              (no ring)
MPRegen  0.13/turn              (no ring)
                                (no ring)
                                (no ring)

@: gold aura
A: almost no armour, stealthy swim, amphibious, 8 rings, constrict 8, camouflage
1, gelatinous body 1
a: Potion Petition, Call Merchant, Bribe Branch, Renounce Religion, Evoke
Invisibility


You were on level 8 of the Dungeon.
You worshipped Gozag.
Gozag was pleased with you.
You were not hungry.

You visited 2 branches of the dungeon, and saw 9 of its levels.
You also visited: Sewer and Ossuary.

You collected 986 gold pieces.
You paid 131 gold pieces to Gozag.

Inventory:

Hand Weapons
 j - a +2 whip of distortion (weapon)
Armour
 a - a +3 shield (worn)
Magical Staves
 x - an uncursed staff of power {unknown}
Jewellery
 e - the ring "Yckenliw" (left tentacle) {+Inv rPois Dex-3 SInv}
   (You acquired it on level 7 of the Dungeon)

   [ring of see invisible]

   It affects your dexterity (-3).
   It protects you from poison.
   It lets you see invisible.
   It lets you turn invisible.
 m - an uncursed amulet of faith {unknown}
 p - an uncursed amulet of magic regeneration {unknown}
Wands
 d - a wand of flame (26)
 o - a wand of paralysis (19)
 v - a wand of iceblast (9)
Scrolls
 f - 9 scrolls of teleportation
 i - a scroll of remove curse {unknown}
 k - 2 scrolls of identify
Potions
 b - 4 potions of might
 g - a potion of lignification
 h - 5 potions of curing
 l - 2 potions of resistance
 n - 2 potions of brilliance
 q - 6 potions of heal wounds
 r - a potion of invisibility {unknown}
 t - a potion of mutation
 u - 3 potions of haste
 w - a potion of berserk rage
 z - a potion of flight
 A - 2 potions of magic {unknown}
 B - a potion of degeneration
 C - a potion of ambrosia {unknown}
Comestibles
 c - 13 rations


   Skills:
 + Level 3.8 Fighting
 - Level 12.0 Maces & Flails
 - Level 3.0 Dodging
 - Level 6.4 Shields
 - Level 2.0 Unarmed Combat
 - Level 4.6 Evocations


You had 9 spell levels left.
You didn't know any spells.
Your spell library was empty.

Dungeon Overview and Level Annotations

Branches:
Dungeon (8/15)             Temple (1/1) D:6            Lair (0/6) D:8

Altars:
Ashenzari
Cheibriados
Dithmenos
Elyvilon
Fedhas
Gozag
Hepliaklqana
Kikubaaqudgha
Makhleb
Nemelex Xobeh
Okawaru
Qazlal
Ru
Trog
Uskayaw
Vehumet
Wu Jian
Xom
Yredelemnul
Zin
The Shining One

Annotations:
D:4 1 runed door, inc's ghost, amateur OpIE


Innate Abilities, Weirdness & Mutations

You cannot wear most types of armour.
You are very stealthy in the water. (Stealth+)
You are amphibious.
You can wear up to eight rings at the same time.
You can use your tentacles to constrict eight enemies at once.
Your skin changes colour to match your surroundings (Stealth+).
Your rubbery body absorbs attacks. (AC +1, EV +1)


Message History

The orc wizard points at you and mumbles some strange words.
You easily resist.
You barely miss the orc wizard. You grab the orc wizard.
The orc wizard is almost dead.
You constrict the orc wizard. The orc wizard casts a spell at you.
The puff of flame hits you!
You hit the orc wizard.
You kill the orc wizard!
You fail to use your ability.
You fail to use your ability.
The two-headed ogre barely misses you.
The two-headed ogre hits you with a giant club!!
You fail to use your ability.
The two-headed ogre hits you with a giant spiked club!!
* * * LOW HITPOINT WARNING * * *
The two-headed ogre closely misses you.
The two-headed ogre is distracted by the nearby gold.
The scorpion stings you!
You die...
Your body crumbles into a pile of gold.

##.##...(# .....###
###.......(#
#...P..#####.....##(..## $
...P...P...........(....
.P.:P.........#####.#.##
.....P....# ##(#.##
P.......# #..#...
$####$..P..# ##....## .
#>.#.@P...# #...#(# $ .P.
#..'$sP..######...#.##
P.P.####.PP..###.....##.(#
.P......OP...#....######.(
.P..P.....P....#..#......#
...P.P..P.$.......#.####.#
#...P..PP......#....####..
###...............#..[....
##.............########.


You could see a two-headed ogre (unaware) and a scorpion.

Vanquished Creatures
  Pikel (D:7)
  Joseph (D:7)
  A hornet (D:8)
  A hungry ghost (D:7)
  A water moccasin (D:2)
  Duvessa (D:6)
  A porcupine (D:8)
  2 orc warriors
  A black bear (D:4)
  2 phantoms
  2 centaurs (D:8)
  2 ogres (D:5)
  A big kobold (Sewer)
  3 bullfrogs
  Dowan (D:6)
  A scorpion (D:7)
  3 crimson imps
  5 centaur zombies (Ossuary)
  7 orc priests
  3 hounds
  2 orc wizards
  2 iguanas (D:7)
  A bullfrog skeleton (D:6)
  Natasha (thrice) (D:2)
  4 worker ants
  2 mummies (Ossuary)
  Robin (D:2)
  6 gnolls
  A howler monkey skeleton (D:7)
  9 adders
  2 shadow imps
  2 oozes (Sewer)
  5 worms
  A dart slug (D:2)
  2 leopard geckos
  15 orcs
  3 ball pythons (Sewer)
  3 giant cockroaches
  5 hobgoblins
  8 jackals
  5 quokkas
  13 bats
  3 frilled lizards
  18 goblins
  A goblin zombie (Ossuary)
  11 hobgoblin zombies (Ossuary)
  2 jackal zombies (Ossuary)
  18 kobolds
  7 kobold zombies (Ossuary)
  A leopard gecko zombie (D:7)
  7 orc zombies (Ossuary)
  6 rats
209 creatures vanquished.

Vanquished Creatures (others)
  An ice beast (D:8)
  A slave (D:7)
  A centaur (D:7)
  A big kobold (Sewer)
  An elf zombie (Ossuary)
  A bullfrog (D:7)
  A howler monkey (D:4)
  An orc wizard (D:7)
  A gnoll (D:7)
  An orc (D:7)
  A jackal (D:7)
  A hobgoblin zombie (Ossuary)
  A kobold zombie (Ossuary)
  An orc zombie (Ossuary)
  6 fungi (D:8)
  2 plants (D:8)
  4 withered plants
26 creatures vanquished.

Grand Total: 235 creatures vanquished

Notes
Turn   | Place    | Note
-------+----------+-------------------------------------------
     0 | D:1      | inc the Octopode Fighter began the quest for the Orb.
     0 | D:1      | Reached XP level 1. HP: 16/16 MP: 1/1
   131 | D:1      | Reached XP level 2. HP: 6/21 MP: 2/2
   855 | D:2      | Reached XP level 3. HP: 25/26 MP: 3/3
   865 | D:2      | Noticed Robin
   874 | D:2      | Killed Robin
  1215 | D:2      | Reached XP level 4. HP: 27/31 MP: 4/4
  1308 | D:2      | Noticed Natasha
  1317 | D:2      | Killed Natasha
  1317 | D:2      | Reached skill level 5 in Shields
  1370 | D:2      | Reached XP level 5. HP: 6/36 MP: 5/5
  1374 | D:2      | Noticed Natasha
  1382 | D:2      | Killed Natasha
  1592 | D:2      | Noticed Natasha
  1598 | D:2      | Killed Natasha
  1886 | D:2      | Noticed a water moccasin
  2039 | D:2      | Found a shadowy altar of Dithmenos.
  2041 | D:2      | Found a snail-covered altar of Cheibriados.
  2112 | D:2      | Reached XP level 6. HP: 42/42 MP: 6/6
  2187 | D:2      | Killed a water moccasin
  2187 | D:2      | Reached skill level 2 in Maces & Flails
  2684 | D:3      | Found a glowing golden altar of the Shining One.
  3156 | D:3      | Reached skill level 3 in Maces & Flails
  3721 | D:4      | Found a runed door.
  3721 | D:4      | Noticed inc's ghost (amateur OpIE)
  3878 | D:4      | Reached XP level 7. HP: 25/46 MP: 7/7
  3881 | D:4      | Reached skill level 4 in Maces & Flails
  4240 | D:4      | Found a glowing drain.
  4250 | Sewer    | Entered a sewer
  4535 | Sewer    | Reached skill level 5 in Maces & Flails
  4698 | D:4      | Found a stormy altar of Qazlal.
  4790 | D:5      | Entered Level 5 of the Dungeon
  4862 | D:5      | Reached skill level 6 in Maces & Flails
  4882 | D:5      | Found a sacrificial altar of Ru.
  4890 | D:5      | Reached XP level 8. HP: 48/52 MP: 8/8
  5482 | D:5      | Reached skill level 7 in Maces & Flails
  5947 | D:6      | Noticed Duvessa
  5947 | D:6      | Noticed Dowan
  6173 | D:6      | Found a staircase to the Ecumenical Temple.
  6197 | D:6      | Reached skill level 8 in Maces & Flails
  6246 | Temple   | Entered the Ecumenical Temple
  6317 | Temple   | Became a worshipper of Gozag Ym Sagoz the Greedy
  6367 | D:6      | Killed Duvessa
  6368 | D:6      | Killed Dowan
  6368 | D:6      | Reached skill level 9 in Maces & Flails
  6614 | D:6      | Found a burning altar of Makhleb.
  6817 | D:7      | Reached XP level 9. HP: 56/56 MP: 9/9
  7201 | D:7      | Noticed Joseph
  7219 | D:7      | Killed Joseph
  7219 | D:7      | Reached skill level 10 in Maces & Flails
  7332 | D:7      | Found a sand-covered staircase.
  7347 | Ossuary  | Entered an ossuary
  8065 | D:7      | Reached skill level 11 in Maces & Flails
  8162 | D:7      | Found a shattered altar of Ashenzari.
  8191 | D:7      | Noticed Pikel
  8203 | D:7      | Killed Pikel
  8209 | D:7      | Reached skill level 12 in Maces & Flails
  8291 | D:7      | Identified a scroll of acquirement
  8292 | D:7      | Got a translucent marble ring
  8297 | D:7      | Identified the ring "Yckenliw" {+Inv rPois Dex-3 SInv} (You acquired it on level 7 of the Dungeon)
  8349 | D:7      | Reached skill level 1 in Evocations
  8476 | D:7      | Found an ornate altar of the Wu Jian Council.
  8479 | D:7      | Reached XP level 10. HP: 53/63 MP: 9/11
  9077 | D:8      | Found a staircase to the Lair.
  9332 | D:8      | Noticed a two-headed ogre
  9366 | D:8      | Slain by a scorpion

Vault maps used:
D:1:      lightli_arrival_chessboard, minmay_misc_feat_doors
D:2:      nicolae_overflow_hidden_temple, first_ration, uniq_robin, uniq_natasha
D:3:      lemuel_round_altar
D:4:      black_bear_nest_1, cheibrodos_sewer_entry_bend, gammafunk_ghost_grave,
          grunt_qazlal_clouds
D:5:      hangedman_ru_absence
D:6:      old_standard_altar, minmay_temple_entry_statues, uniq_duvessa
D:7:      lemuel_doored_altar, lemuel_crystal_altar,
          nicolae_ossuary_entry_monument, kennysheep_windowed_goal, uniq_pikel,
          uniq_joseph
D:8:      old_standard_altar, grunt_lair_entry_orc_guard_hut,
          gammafunk_ghost_grave, grunt_pizzeria
Temple:   nicolae_temple_great_sept
Sewer:    kennysheep_pipe_town
Ossuary:  ossuary_tomb_1

Skill      XL: |  1  2  3  4  5  6  7  8  9 10 |
---------------+-------------------------------+-----
Shields        | 4 5 6 |  6.4
Maces & Flails | 3 6 9 12 | 12.0
Evocations     | 1 4 |  4.6
Fighting       | |  3.8
Dodging        | |  3.0
Unarmed Combat | |  2.0

Action                   |  1- 3 |  4- 6 |  7- 9 | 10-12 || total
-------------------------+-------+-------+-------+-------++-------
Melee: Unarmed           |    75 |    57 |       |       ||   132
       Constrict         |    23 |    35 |    78 |    12 ||   148
       Tentacles         |    11 |    23 |    60 |     5 ||    99
       Punch             |     2 |     1 |     4 |       ||     7
       Whip              |       |    54 |   293 |    67 ||   414
 Abil: Evoke Invisibilit |       |       |       |     1 ||     1
  Use: Potion            |       |     3 |     3 |       ||     6
       Scroll            |       |       |    16 |       ||    16
 Stab: Sleeping          |     3 |     4 |     9 |       ||    16
       Distracted        |       |       |     1 |       ||     1
       Invisible         |       |       |       |     1 ||     1
  Eat: Chunk             |       |     5 |     5 |       ||    10
       Ration            |       |     1 |     3 |     2 ||     6
Armor: Skin              |     5 |    36 |     9 |     1 ||    51
Dodge: Dodged            |    40 |    32 |    74 |    13 ||   159
Block: Shield            |    46 |    64 |    81 |    23 ||   214

Table legend:
 A = Spawn XP
 B = Non-spawn XP
 C = Spawn XP percentage of total XP
 D = Spawn monster count
 E = Non-spawn monster count
 F = Spawn count percentage of total count
 G = Total turns spent on level
                    A         B        C        D         E        F      G
               +---------+---------+-------+---------+---------+-------+---------
         Total |       0 |    5784 |   0.0 |       0 |     220 |   0.0 |  9366
               +---------+---------+-------+---------+---------+-------+---------
           D:1 |       0 |      28 |   0.0 |       0 |      19 |   0.0 |  1097
           D:2 |       0 |     446 |   0.0 |       0 |      43 |   0.0 |  1545
           D:3 |       0 |      48 |   0.0 |       0 |      16 |   0.0 |  1079
           D:4 |       0 |     318 |   0.0 |       0 |      12 |   0.0 |   761
           D:5 |       0 |     431 |   0.0 |       0 |       7 |   0.0 |  1184
           D:6 |       0 |     761 |   0.0 |       0 |      19 |   0.0 |   973
           D:7 |       0 |    2080 |   0.0 |       0 |      26 |   0.0 |  1264
           D:8 |       0 |    1068 |   0.0 |       0 |      15 |   0.0 |   472
         Sewer |       0 |     228 |   0.0 |       0 |      24 |   0.0 |   308
       Ossuary |       0 |     376 |   0.0 |       0 |      39 |   0.0 |   601
               +---------+---------+-------+---------+---------+-------+---------
